 Dungeon Crawl Stone Soup version 0.32-a0-931-g5a2cda0630 (webtiles) character file.

Game seed: 17902865591428081689

385 dialectric the Shield-Bearer (level 6, -4/56 HPs)
             Began as a Minotaur Fighter on Apr 14, 2024.
             Slain by a gnoll
             ... wielding a +0 halberd
              (7 damage)
             ... on level 4 of the Dungeon.
             The game lasted 00:02:38 (2135 turns).

dialectric the Shield-Bearer (Minotaur Fighter)     Turns: 2135, Time: 00:02:38

Health: -4/56      AC:  8    Str: 23    XL:     6   Next: 48%
Magic:  5/5        EV:  9    Int:  5    God:
Gold:   202        SH:  0    Dex:  9    Spells: 5/5 levels left

rFire   . . .        a - +0 flail
rCold   . . .        (no shield)
rNeg    . . .        b - +0 scale mail
rPois   .            (helmet restricted)
rElec   .            m - +0 cloak
rCorr   .            (no gloves)
SInv    .            (no boots)
Will    .....        (no amulet) Stlth
                     (no ring)
HPRegen 0.29/turn    (no ring)
MPRegen 0.09/turn

%: no passive effects
@: no status effects
A: horns 2, retaliatory headbutt
a: no special abilities


You were on level 4 of the Dungeon.
You visited 1 branch of the dungeon, and saw 4 of its levels.

You collected 202 gold pieces.

Inventory:

Hand Weapons
 a - a +0 flail (weapon)
Missiles
 k - 2 poisoned darts (quivered)
Armour
 b - a +0 scale mail (worn)
 c - a +0 buckler
 m - a +0 cloak (worn)
 u - a +0 plate armour
Jewellery
 f - a ring of fire
 p - a ring of see invisible
Scrolls
 e - a scroll of noise {unknown}
 g - a scroll of teleportation {unknown}
 i - 4 scrolls of identify {unknown}
 j - a scroll of fear {unknown}
 r - 2 scrolls of immolation {unknown}
Potions
 d - 2 potions of might
 h - 2 potions of lignification {unknown}
 l - 3 potions of degeneration {unknown}
 n - 2 potions of brilliance {unknown}
 o - a potion of magic {unknown}
 q - a potion of mutation {unknown}
 s - 2 potions of curing {unknown}
 t - 2 potions of cancellation {unknown}
 v - a potion of ambrosia {unknown}
 w - a potion of heal wounds {unknown}


   Skills:
 + Level 5.1 Fighting
 + Level 4.3 Maces & Flails
 + Level 5.1 Armour
 + Level 0.3 Dodging
 * Level 6.1 Shields


You had 5 spell levels left.
You didn't know any spells.
Your spell library was empty.

Dungeon Overview and Level Annotations

Branches:
Dungeon (4/15)
 Temple: D:4-7

Altars:
Ashenzari
Elyvilon
Fedhas
Hepliaklqana
Sif Muna
Vehumet
Wu Jian

Shops:
D:1 *[=


Innate Abilities, Weirdness & Mutations

You have a pair of horns on your head.
You reflexively headbutt those who attack you in melee.


Message History

The gnoll hits you but does no damage.
You hit the gnoll but do no damage. Your headbutt misses the gnoll.
The gnoll hits you but does no damage. The gnoll closely misses you.
You hit the gnoll.
The gnoll is heavily wounded.
The gnoll hits you but does no damage. The gnoll hits you with a +0 flail!
You closely miss the gnoll.
The gnoll is heavily wounded.
The gnoll barely misses you. The gnoll hits you with a +0 flail.
The gnoll hits you from afar with a +0 halberd.
You hit the gnoll. Your headbutt misses the gnoll.
The gnoll is severely wounded.
The gnoll barely misses you.
The gnoll hits you from afar with a +0 halberd!
* * * LOW HITPOINT WARNING * * *
The gnoll hits you with a +0 flail.
* * * LOW HITPOINT WARNING * * *
The gnoll hits you but does no damage.
You hit the gnoll but do no damage. You headbutt the gnoll.
You kill the gnoll!
You see here a +1 long sword of holy wrath.
The gnoll attacks as it pursues you! The gnoll barely misses you.
The gnoll attacks as it pursues you! The gnoll closely misses you.
The gnoll attacks as it pursues you!
The gnoll hits you from afar with a +0 halberd!
* * * LOW HITPOINT WARNING * * *
The gnoll attacks as it pursues you!
The gnoll hits you from afar with a +0 halberd.
* * * LOW HITPOINT WARNING * * *
The gnoll attacks as it pursues you! The gnoll closely misses you.
The gnoll attacks as it pursues you!
The gnoll hits you from afar with a +0 halberd.
* * * LOW HITPOINT WARNING * * *
The gnoll attacks as it pursues you! The gnoll completely misses you.
The gnoll attacks as it pursues you!
The gnoll hits you from afar with a +0 halberd.
* * * LOW HITPOINT WARNING * * *
There is a stone staircase leading up here.
The gnoll hits you from afar with a +0 halberd!
You die...

### ### ### #@# #[# #.#######
#############.# #.####........
#..†)..[....#g# #...##.#######
#.#########g#.###.#.##....####
#.# #.#.....#.g......... .g.
#.#############.#### .....
#...).)......g..# #......
################# #.......


You could see a gnoll.

Vanquished Creatures
  Sigmund (D:2)
  A bombardier beetle (D:3)
  A hound (D:4)
  An iguana (D:4)
  An orc wizard (D:3)
  2 gnolls (D:4)
  3 adders (D:2)
  A dart slug (D:1)
  8 orcs (D:3)
  7 bats
  5 endoplasms (D:2)
  7 giant cockroaches
  7 hobgoblins
  5 jackals (D:2)
  A quokka (D:1)
  7 ball pythons
  4 frilled lizards
  2 goblins (D:3)
  3 kobolds
  5 rats
72 creatures vanquished.

Notes
Turn   | Place    | Note
-------+----------+-------------------------------------------
     0 | D:1      | dialectric the Minotaur Fighter began the quest for the
                  | Orb.
     0 | D:1      | Reached XP level 1. HP: 19/19 MP: 0/0
    91 | D:1      | Found Nuuvuer's General Store.
   183 | D:1      | Reached XP level 2. HP: 27/27 MP: 1/1
   415 | D:1      | Found Ilashaill's Armour Shoppe.
   417 | D:1      | Found Miti's Jewellery Shoppe.
   430 | D:1      | Reached skill level 4 in Shields
   637 | D:2      | Reached XP level 3. HP: 31/33 MP: 2/2
   824 | D:2      | Reached XP level 4. HP: 39/40 MP: 3/3
   948 | D:2      | Noticed Sigmund
   954 | D:2      | Killed Sigmund
   955 | D:2      | Reached skill level 5 in Shields
   955 | D:2      | Reached XP level 5. HP: 37/47 MP: 4/4
  1101 | D:3      | Found a white marble altar of Elyvilon.
  1101 | D:3      | Found a hazy altar of Hepliaklqana.
  1101 | D:3      | Found a blossoming altar of Fedhas.
  1101 | D:3      | Found a shimmering blue altar of Sif Muna.
  1101 | D:3      | Found a broken altar of Ashenzari.
  1149 | D:3      | Found a radiant altar of Vehumet.
  1149 | D:3      | Found an ornate altar of the Wu Jian Council.
  1387 | D:3      | Found a faded altar of an unknown god.
  1440 | D:3      | Reached XP level 6. HP: 32/55 MP: 5/5
  2018 | D:4      | Reached skill level 5 in Fighting
  2018 | D:4      | Reached skill level 5 in Armour
  2018 | D:4      | Reached skill level 6 in Shields
  2134 | D:4      | HP: 2/56 [gnoll/+0 halberd (3)]
  2135 | D:4      | Slain by a gnoll

Illustrated notes

Levels and vault maps discovered:
D:1:      dpeg_arrival_tiny_c, layout_basic, serial_shops, nicolae_shop_stone,
          shop, nicolae_shop_temple_entry_statues_fountains
D:2:      layout_rooms, minmay_misc_feat_nine_boxes, dreamdust_wishing_well,
          st_stairs_6, feat_on_display, uniq_sigmund
D:3:      layout_loops_corners, grunt_temple_overflow_open,
          nicolae_ecumenical_pavilion
D:4:      layout_basic, serial_shops, shop

Skill      XL: |  1  2  3  4  5  6 |
---------------+-------------------+-----
Shields        | 4 5 6 |  6.1
Armour         | 4 5 |  5.1
Fighting       | 4 5 |  5.1
Maces & Flails | 3 4 |  4.3
Dodging        | |  0.3

Action                     |  1- 3 |  4- 6 || total
---------------------------+-------+-------++-------
  Melee: Flail             |    79 |    87 ||   166
         Headbutt          |     8 |    22 ||    30
    Use: Potion            |       |     1 ||     1
 Armour: Scale mail        |    86 |    82 ||   168
  Dodge: Dodged            |    58 |    42 ||   100

Table legend: (Time is in decaauts)
 A = Elapsed time spent in this place.
 B = Non-inter-level travel time spent in this place.
 C = Inter-level travel time spent in this place.
 D = Time resting spent in this place.
 E = Time spent auto-exploring this place.
 F = Levels seen in this place.
 G = Mean time per level.
                   A        B        C        D        E       F      G
               +--------+--------+--------+--------+--------+-----+--------+
         Total |   2172 |   2114 |     58 |      0 |   1579 |   4 |  543.0 |
       Dungeon |   2172 |   2114 |     58 |      0 |   1579 |   4 |  543.0 |
               +--------+--------+--------+--------+--------+-----+--------+

Top non-repeatable levels by time:
     D:3: 921 daAuts
     D:1: 630 daAuts
     D:2: 493 daAuts
     D:4: 127 daAuts
